cohdb
Replays
Latest Replays
All Replays
Popular Replays
Top Player Replays
Match Explorer
How It Works
Community
CoH3 Stats
Reddit
Sign in to upload your games and track your stats! →
Sign in with Steam
Match 26699766
Unlisted
Match 26699766
Overview
Messages
Build Orders
End
Construct Infanterie Kompanie
Kettenkrad Recon Vehicle
Selects Mechanized Battlegroup
Sniper
GrW 34 Mortar Team
GrW 34 Mortar Team
Grenadier Squad
Construct Luftwaffe Kompanie
Selects Mobile Repair Stations
Jäger Squad
Jäger Squad
Medical Bunker
Support Elements
Construct Panzergrenadier Kompanie
Wirbelwind Flakpanzer
StuG III G Assault Gun
Selects Wespe Self-propelled Artillery
Wespe Self-propelled Artillery
Wespe Self-propelled Artillery
Selects Raid Package
Selects 8 Rad Armored Car
Sly Marbo
Joraad
KSKmaster
KritterKiller
WEGO
PSicosNak€***ESP***
0
0
Comments
sign in to comment!
No comments posted yet!